 Dungeon Crawl Stone Soup version 0.27-a0-1359-ga2a4dfd6fd (webtiles) character file.

Game seed: 2603116664614279776

65 Snikeer the Chiller (level 4, -4/32 HPs)
             Began as a Gnoll Ice Elementalist on June 28, 2021.
             Slain by Sigmund (8 damage)
             ... on level 2 of the Dungeon.
             The game lasted 00:05:03 (1993 turns).

Snikeer the Chiller (Gnoll Ice Elementalist)        Turns: 1993, Time: 00:05:04

Health: -4/32      AC:  9    Str:  8    XL:     4   Next: 14%
Magic:  0/11       EV: 13    Int: 15    God:
Gold:   50         SH:  0    Dex: 12    Spells: 6/13 levels left

rFire    . . .     SeeInvis .   j - staff of poison {rPois}
rCold    . . .     Faith    .   (no shield)
rNeg     . . .     Spirit   +   e - +0 robe
rPois    +         Reflect  .   (no helmet)
rElec    .         Harm     .   (no cloak)
rCorr    .         Rampage  .   (no gloves)
Will     .....                  (no boots)
Stlth    ++........             h - amulet of guardian spirit
HPRegen  0.10/turn              (no ring)
MPRegen  0.12/turn              (no ring)

@: lethally poisoned (-4 -> -18), ice-armoured, freezing walls
A: fangs 1, strong nose, distributed training
a: no special abilities


You were on level 2 of the Dungeon.
You visited 1 branch of the dungeon, and saw 2 of its levels.

You collected 50 gold pieces.

Inventory:

Hand Weapons
 a - a +1 short sword of electrocution
   (You found it on level 2 of the Dungeon)
 b - a +0 dagger
   (You took it off a kobold on level 1 of the Dungeon)
Missiles
 d - 25 sling bullets
 m - 19 arrows
 s - 135 stones (quivered)
Armour
 e - a +0 robe (worn)
Magical Staves
 j - a staff of poison (weapon) {rPois}
   (You found it on level 1 of the Dungeon)
Jewellery
 h - an amulet of guardian spirit (around neck)
   (You found it on level 2 of the Dungeon)
Scrolls
 c - a scroll of magic mapping {unknown}
 g - a scroll of immolation {unknown}
 i - a scroll of identify {unknown}
Potions
 f - a potion of ambrosia {unknown}
 k - a potion of degeneration {unknown}
 l - 2 potions of mutation {unknown}


   Skills:
 + Level 1.0 Fighting
 + Level 1.0 Short Blades
 + Level 1.0 Long Blades
 + Level 1.0 Axes
 + Level 1.0 Maces & Flails
 + Level 1.0 Polearms
 + Level 1.0 Staves
 + Level 1.0 Slings
 + Level 1.0 Bows
 + Level 1.0 Crossbows
 + Level 1.0 Throwing
 + Level 1.0 Armour
 + Level 4.6 Dodging
 + Level 4.2 Stealth
 + Level 1.0 Shields
 + Level 1.0 Unarmed Combat
 + Level 5.0 Spellcasting
 + Level 0.8 Conjurations
 + Level 0.8 Hexes
 + Level 0.8 Summonings
 + Level 0.8 Necromancy
 + Level 0.8 Translocations
 + Level 0.8 Transmutations
 + Level 0.8 Fire Magic
 + Level 7.1 Ice Magic
 + Level 0.8 Air Magic
 + Level 0.8 Earth Magic
 + Level 0.8 Poison Magic
 + Level 1.1 Invocations
 + Level 1.0 Evocations


You had 6 spell levels left.
You knew the following spells:

 Your Spells              Type           Power      Damage    Failure   Level
a - Freeze                Ice            100%       1d11      1%          1
b - Frozen Ramparts       Ice            50%        1d7       2%          3
A - Ozocubu's Armour      Ice            25%        N/A       2%          3

Your spell library contained the following spells:

 Spells                   Type           Power      Damage    Failure   Level
 Foxfire                  Conj/Fire      24%        2x1d5     12%         1
 Hailstorm                Conj/Ice       15%        3d5       30%         4
 Conjure Flame            Conj/Fire      6%         6-21      34%         3
 Inner Flame              Hex/Fire       6%         N/A       34%         3
 Metabolic Englaciation   Hex/Ice        7%         N/A       65%         5
 Sticky Flame             Conj/Fire      6%         2d3       75%         4
 Fireball                 Conj/Fire      3%         3d4       97%         5


Dungeon Overview and Level Annotations

Branches:
Dungeon (2/15)

Altars:
Xom

Annotations:
D:2 Sigmund


Innate Abilities, Weirdness & Mutations

You have very sharp teeth.
Your uncanny sense of smell can sniff out nearby items.
Your experience applies equally to all skills.


Message History

You hit the ball python.
No target in view!
No target in view!
A hobgoblin comes into view.
Health restored: 32 Your +1 short sword of electrocution stops crackling.
b - a +0 dagger (weapon)
The hobgoblin closely misses you.
You closely miss the hobgoblin. The hobgoblin barely misses you.
You hear the crackle of electricity.
a - a +1 short sword of electrocution (weapon)
The hobgoblin barely misses you.
You hit the hobgoblin.
Lightning courses through the hobgoblin!
No target in view!
No target in view!
Your +1 short sword of electrocution stops crackling.
b - a +0 dagger (weapon)
You open the door.
There is an open door here.
There is an open door here.
There is an open door here.
You open the door.
There is an open door here.
Found a stone staircase leading down.
You see here a +0 leather armour.
There is an open door here.
There is an open door here.
There is an open door here.
Partly explored, can't reach some items and places.
Partly explored, can't reach some items and places.
Partly explored, can't reach some items and places.
Partly explored, can't reach some items and places.
There is an escape hatch in the floor here.
Really walk into a travel-excluded area?
Really walk into a travel-excluded area?
You aren't carrying any items that you can evoke.
Throw: 139 stones
Press: ? - help, Shift-Dir - straight line, f - Sigmund
Aim: Sigmund, wielding a +2 scythe of venom, wearing a +0 robe and carrying a wand of polymorph (8) (asleep, 98% to hit)
You throw a stone.
The stone hits Sigmund but does no damage.
Sigmund shouts!
Sigmund zaps a wand.
You resist with some effort.
Sigmund says, "Your kind have come here before.
I understand now why.
You desire death..."
Sigmund zaps a wand.
You resist with some effort.
Casting: Frozen Ramparts (dangerous; 2% risk of failure)
Confirm with . or Enter, or press ? or * to list all spells.
A film of ice covers your body!
You now have 8/11 mp.
Casting: Ozocubu's Armour (dangerous; 2% risk of failure)
Confirm with . or Enter, or press ? or * to list all spells.
The walls around you are covered in ice.
You now have 5/11 mp.
Your icy armour and frozen ramparts will break if you move.
Continue?
Your icy armour cracks and falls away as you move.
The frozen ramparts melt away as you move.
Sigmund mumbles some strange words.
Sigmund flickers and vanishes!
Deactivating autopickup; reactivate with Ctrl-A.
Casting: Frozen Ramparts (dangerous; 2% risk of failure)
Confirm with . or Enter, or press ? or * to list all spells.
A film of ice covers your body!
You hear a zap.
Something tries to affect you, but you resist.
You now have 3/11 mp.
Casting: Ozocubu's Armour (dangerous; 2% risk of failure)
Confirm with . or Enter, or press ? or * to list all spells.
You can't see any susceptible monsters within range! (Use Z to cast anyway.)
Casting: Ozocubu's Armour (dangerous; 2% risk of failure)
Confirm with . or Enter, or press ? or * to list all spells.
The walls around you are covered in ice.
The wall freezes something.
Something hits you!
You take 11 damage, and have 21/32 hp.
MASSIVE DAMAGE!!
You now have 0/11 mp.
Throw: 138 stones
Press: ? - help, Shift-Dir - straight line You throw a stone.
The wall freezes something.
Something hits you but does no damage.
You are poisoned.
Throw: 137 stones
Press: ? - help, Shift-Dir - straight line
Okay, then.
j - a staff of poison (weapon)
{rPois} You feel sick.
You take 1 damage, and have 20/32 hp.
Throw: 137 stones
Press: ? - help, Shift-Dir - straight line You throw a stone.
You feel sick.
The wall freezes something.
Something hits you.
You are lethally poisoned!
The wall freezes something.
Something hits you.
* * * LOW HITPOINT WARNING * * *
You take 11 damage, and have 9/32 hp.
MASSIVE DAMAGE!!
Throw: 136 stones
Press: ? - help, Shift-Dir - straight line You throw a stone.
* * * LOW HITPOINT WARNING * * *
You feel very sick.
The wall freezes something.
Something hits you!
You die...

#..............###'###.....
#............#.###.# #.....
#............#..##.# #.....
#.._.........##.##.# #.....
#.....+###.......#.# #.....
#......###.####..#.# #.....
#######..###.#.{.....#.#.# #####.
.............#.#.##.##...#######.
.............#.#@##...........##.
........@......#.##...........###
.............###.##.....>.....#
.............# #.##<..........#
.............###.##...........#
.....$...........##.###########
.............######.#
.........>...##.# #.#
####............###.###


There were no monsters in sight!

Vanquished Creatures
  2 worms (D:2)
  2 dart slugs
  4 bats
  6 endoplasms
  2 giant cockroaches (D:2)
  5 goblins
  8 hobgoblins
  4 jackals (D:2)
  2 quokkas (D:1)
  3 ball pythons
  7 kobolds
  3 rats
48 creatures vanquished.

Notes
Turn   | Place    | Note
-------+----------+-------------------------------------------
     0 | D:1      | Snikeer the Gnoll Ice Elementalist began the quest for the
                  | Orb.
     0 | D:1      | Reached XP level 1. HP: 13/13 MP: 6/6
   253 | D:1      | Reached XP level 2. HP: 19/19 MP: 5/7
   597 | D:1      | Reached XP level 3. HP: 25/25 MP: 9/9
   645 | D:1      | Reached skill level 5 in Spellcasting
   903 | D:1      | Found a faded altar of an unknown god.
  1002 | D:2      | Learned a level 3 spell: Frozen Ramparts
  1006 | D:2      | Learned a level 3 spell: Ozocubu's Armour
  1079 | D:2      | Reached skill level 1 in Invocations
  1376 | D:2      | Reached skill level 1 in Fighting
  1376 | D:2      | Reached skill level 1 in Short Blades
  1376 | D:2      | Reached skill level 1 in Long Blades
  1376 | D:2      | Reached skill level 1 in Axes
  1376 | D:2      | Reached skill level 1 in Maces & Flails
  1376 | D:2      | Reached skill level 1 in Polearms
  1376 | D:2      | Reached skill level 1 in Staves
  1376 | D:2      | Reached skill level 1 in Slings
  1376 | D:2      | Reached skill level 1 in Bows
  1376 | D:2      | Reached skill level 1 in Crossbows
  1376 | D:2      | Reached skill level 1 in Throwing
  1376 | D:2      | Reached skill level 1 in Armour
  1376 | D:2      | Reached skill level 1 in Shields
  1376 | D:2      | Reached skill level 1 in Unarmed Combat
  1376 | D:2      | Reached skill level 1 in Evocations
  1458 | D:2      | Found a shimmering altar of Xom.
  1538 | D:2      | Reached XP level 4. HP: 32/32 MP: 3/11
  1608 | D:2      | Noticed Sigmund
  1993 | D:2      | HP: 4/32 [poisoned by Sigmund]
  1993 | D:2      | Slain by Sigmund

Illustrated notes

Levels and vault maps discovered:
D:1:      dpeg_arrival_morbid_curiosity, layout_loops_ring,
          shapermc_ecumenical_altar_notcrosses
D:2:      layout_basic, basic_altar, uniq_sigmund

Skill      XL: |  1  2  3 |
---------------+----------+-----
Spellcasting   | 5 |  5.0
Invocations    | 1 |  1.1
Fighting       | 1 |  1.0
Short Blades   | 1 |  1.0
Long Blades    | 1 |  1.0
Axes           | 1 |  1.0
Maces & Flails | 1 |  1.0
Polearms       | 1 |  1.0
Staves         | 1 |  1.0
Slings         | 1 |  1.0
Bows           | 1 |  1.0
Crossbows      | 1 |  1.0
Throwing       | 1 |  1.0
Armour         | 1 |  1.0
Shields        | 1 |  1.0
Unarmed Combat | 1 |  1.0
Evocations     | 1 |  1.0
Dodging        | |  4.6
Stealth        | |  4.2
Conjurations   | |  0.8
Hexes          | |  0.8
Summonings     | |  0.8
Necromancy     | |  0.8
Translocations | |  0.8
Transmutations | |  0.8
Fire Magic     | |  0.8
Ice Magic      | |  7.1
Air Magic      | |  0.8
Earth Magic    | |  0.8
Poison Magic   | |  0.8

Action                   |  1- 3 |  4- 6 || total
-------------------------+-------+-------++-------
Melee: Dagger            |    31 |     2 ||    33
       Short sword       |     7 |     9 ||    16
       Bite              |     3 |     1 ||     4
Throw: Stone             |       |     4 ||     4
 Cast: Freeze            |    23 |       ||    23
       Frozen Ramparts   |     3 |     2 ||     5
       Ozocubu's Armour  |     2 |     2 ||     4
 Stab: Sleeping          |    15 |     1 ||    16
       Distracted        |     1 |       ||     1
Armor: Robe              |     6 |     1 ||     7
Dodge: Dodged            |    33 |     9 ||    42

Table legend: (Time is in decaauts)
 A = Elapsed time spent in this place.
 B = Non-inter-level travel time spent in this place.
 C = Inter-level travel time spent in this place.
 D = Time resting spent in this place.
 E = Time spent auto-exploring this place.
 F = Levels seen in this place.
 G = Mean time per level.
                   A        B        C        D        E       F      G
               +--------+--------+--------+--------+--------+-----+--------+
         Total |   1986 |   1873 |    113 |      0 |   1528 |   2 |  993.0 |
       Dungeon |   1986 |   1873 |    113 |      0 |   1528 |   2 |  993.0 |
               +--------+--------+--------+--------+--------+-----+--------+

Top non-repeatable levels by time:
     D:1: 1012 daAuts
     D:2: 974 daAuts

Table legend:
 A = Kills in this place as a percentage of kills in entire the game.
 B = Kills by you in this place as a percentage of kills by you in the entire game.
 C = Kills by friends in this place as a percentage of kills by friends in the entire game.
 D = Other kills in this place as a percentage of other kills in the entire game.
 E = Experience gained in this place as a percentage of experience gained in the entire game.
 F = Experience gained in this place divided by the number of levels of this place that you have seen.
                   A       B       C       D       E      F
               +-------+-------+-------+-------+-------+----------------------
         Total | 100.0 | 100.0 |   N/A |   N/A | 100.0 |  47.0
       Dungeon | 100.0 | 100.0 |   N/A |   N/A | 100.0 |  47.0
               +-------+-------+-------+-------+-------+----------------------
